 Dungeon Crawl Stone Soup version 0.20.1-1-g8b1a95d (webtiles) character file.

203 grizmgrazm2 the Sneak (level 5, -7/37 HPs)
             Began as a Vampire Enchanter on Aug 25, 2017.
             Was a Believer of Cheibriados.
             Mangled by Edmund
             ... wielding a +2 dire flail of protection
              (17 damage)
             ... on level 4 of the Dungeon.
             The game lasted 00:10:50 (3151 turns).

grizmgrazm2 the Sneak (Vampire Enchanter)           Turns: 3151, Time: 00:10:50

Health: -7/37      AC:  2    Str: 11    XL:     5   Next: 51%
Magic:  2/18       EV: 13    Int: 23    God:    Cheibriados [**....]
Gold:   196        SH:  5    Dex: 18    Spells: 4/10 levels left

rFire    . . .     SeeInvis +   a - +1 dagger
rCold    + + .     Gourm    .   j - +1 buckler
rNeg     + + +     Faith    .   b - +0 robe
rPois    ∞         Spirit   .   (no helmet)
rElec    .         Reflect  .   (no cloak)
rCorr    .         Harm     .   (no gloves)
MR       .....                  (no boots)
Stlth    +++++.....             h - amulet of regeneration
Regen    0.0/turn               g - ring of magical power
MPRegen  0.2/turn               (no ring)

@: very slightly contaminated, bloodless, non-regenerating, very slow
A: fangs 3, see invisible, unbreathing
a: Bat Form, Bend Time, Renounce Religion


You were on level 4 of the Dungeon.
You worshipped Cheibriados.
Cheibriados was pleased with you.
You were bloodless.

You visited 1 branch of the dungeon, and saw 4 of its levels.

You collected 196 gold pieces.

Inventory:

Hand Weapons
 a - a +1 dagger (weapon)
 k - a +2 dagger of speed
Armour
 b - a +0 robe (worn)
 j - a +1 buckler (worn)
Jewellery
 g - a ring of magical power (left hand)
 h - an amulet of regeneration (around neck)
Wands
 e - a wand of random effects (30/48)
Scrolls
 f - 3 scrolls of remove curse
 l - a scroll of recharging
 n - a scroll of identify
 o - a scroll of teleportation
Potions
 d - 24 potions of blood
 i - 2 potions of agility
 m - a potion of haste
Books
 c - a book of Maledictions

   Spells                             Type                      Level
   a - Corona                         Hexes                        1
   b - Ensorcelled Hibernation        Hexes/Ice                    2
   c - Confuse                        Hexes                        3
   d - Tukima's Dance                 Hexes                        3
   e - Dazzling Spray                 Conjuration/Hexes            3


   Skills:
 + Level 1.0 Fighting
 + Level 2.1 Short Blades
 + Level 3.1 Dodging
 + Level 5.3 Stealth
 + Level 0.3 Shields
 * Level 3.0 Spellcasting
 * Level 5.2 Hexes
 * Level 1.9 Ice Magic


You had 4 spell levels left.
You knew the following spells:

 Your Spells              Type           Power        Failure   Level  Hunger
a - Ensorcelled Hibernat  Hex/Ice        ###...       6%          2    ##.....
b - Confuse               Hex            ####....     6%          3    ###....
c - Corona                Hex            ####...      2%          1    None


Dungeon Overview and Level Annotations

Branches:
Dungeon (4/15)
 Temple: D:4-7

Altars:
Cheibriados
Elyvilon
Qazlal

Annotations:
D:4 Edmund


Innate Abilities, Weirdness & Mutations

You do not heal naturally.
You are immune to poison.
You have razor-sharp teeth.
You have supernaturally acute eyesight. (SInv)
You can survive without breathing.


Message History

Aiming: Confuse
Press: ? - help, Shift-Dir - straight line, f/p - Edmund
Aim: Edmund, wielding a dire flail of protection and wearing a chain mail (moderately wounded, chance to defeat MR: 56%) Edmund appears confused.
You block the quokka's attack. x2
You hit Edmund but do no damage.
Edmund is moderately wounded.
The quokka closely misses you.
Edmund hits you with a dire flail of protection.
* * * LOW HITPOINT WARNING * * *
You hit Edmund but do no damage.
Edmund is moderately wounded.
The quokka closely misses you. x2
You hit Edmund but do no damage.
Edmund is moderately wounded.
The quokka bites you but does no damage. x2
The quokka barely misses you. The quokka bites you.
* * * LOW HITPOINT WARNING * * *
Edmund hits you with a dire flail of protection!
You die...

........##..........#
...†....##..........#
........##..........#
........##..........#
..............)..###
.................#
...............r.######
......................#
................@.....#
..........##.....@....#
..........####..#######
.................
.................
..................
##................
#..............
#...###......


You could see Edmund (confused) and a quokka.

Vanquished Creatures
  A scorpion (D:4)
  7 adders
  An ooze (D:1)
  A worm (D:2)
  3 dart slugs
  2 leopard geckos
  5 orcs (D:3)
  A giant cockroach (D:1)
  2 goblins
  5 hobgoblins
  11 jackals
  3 quokkas
  4 ball pythons
  9 bats
  2 frilled lizards
  5 kobolds
  6 rats
68 creatures vanquished.

Notes
Turn   | Place    | Note
-------+----------+-------------------------------------------
     0 | D:1      | grizmgrazm2 the Vampire Enchanter began the quest for the Orb.
     0 | D:1      | Reached XP level 1. HP: 13/13 MP: 3/3
   357 | D:1      | Reached XP level 2. HP: 20/20 MP: 5/5
   361 | D:1      | Learned a level 2 spell: Ensorcelled Hibernation
  1238 | D:1      | Reached XP level 3. HP: 4/25 MP: 1/6
  1408 | D:1      | Learned a level 3 spell: Confuse
  1469 | D:2      | Reached skill level 1 in Ice Magic
  1839 | D:2      | Reached XP level 4. HP: 22/31 MP: 5/8
  2107 | D:3      | Found a faded altar of an unknown god.
  2352 | D:3      | Became a worshipper of Cheibriados the Contemplative
  2352 | D:3      | Reached * piety under Cheibriados
  2409 | D:3      | Found a white marble altar of Elyvilon.
  2675 | D:3      | Reached skill level 5 in Stealth
  2839 | D:3      | Reached ** piety under Cheibriados
  2839 | D:3      | Reached skill level 5 in Hexes
  3039 | D:4      | Found a stormy altar of Qazlal.
  3074 | D:4      | Reached XP level 5. HP: 36/36 MP: 9/9
  3109 | D:4      | Reached skill level 1 in Fighting
  3122 | D:4      | Noticed Edmund
  3151 | D:4      | Mangled by Edmund

Skill      XL: |  1  2  3  4  5 |
---------------+----------------+-----
Ice Magic      | 1 |  1.9
Stealth        | 5 |  5.3
Short Blades   | 2 |  2.1
Hexes          | 5 |  5.2
Spellcasting   | 3 |  3.0
Dodging        | 3 |  3.1
Fighting       | 1 |  1.0
Shields        | |  0.3

Action                   |  1- 3 |  4- 6 || total
-------------------------+-------+-------++-------
Melee: Dagger            |    76 |    72 ||   148
       Bite              |     9 |     6 ||    15
 Cast: Corona            |     8 |       ||     8
       Ensorcelled Hiber |    32 |    22 ||    54
       Confuse           |     4 |     8 ||    12
 Abil: End Transformatio |       |     2 ||     2
       Bat Form          |       |     2 ||     2
  Use: Scroll            |     5 |     4 ||     9
       Potion            |     3 |     2 ||     5
 Stab: Sleeping          |    28 |    24 ||    52
       Confused          |     1 |     2 ||     3
       Distracted        |     1 |       ||     1
  Eat: Corpse            |       |     1 ||     1
Armor: Robe              |    22 |    14 ||    36
Dodge: Dodged            |    51 |    36 ||    87
Block: Buckler           |     1 |    23 ||    24
